 Dungeon Crawl Stone Soup version 0.22.0-18-ge075c0d (webtiles) character file.

361 Amnesiac the Gusty (level 6, 0/41 HPs)
             Began as a Mummy Air Elementalist on Aug 18, 2018.
             Slain by a wight
             ... wielding a +2 scimitar of electrocution
              (15 damage)
             ... on level 4 of the Dungeon.
             The game lasted 00:05:19 (2696 turns).

Amnesiac the Gusty (Mummy Air Elementalist)         Turns: 2696, Time: 00:05:20

Health: 0/41       AC:  2    Str: 11    XL:     6   Next: 38%
Magic:  9/13       EV: 12    Int: 16    God:
Gold:   51         SH:  0    Dex: 13    Spells: 8/15 levels left

rFire    x . .     SeeInvis .   a - +1 dire flail (venom)
rCold    + . .     Gourm    .   (shield currently unavailable)
rNeg     + + +     Faith    .   m - +0 robe
rPois    ∞         Spirit   .   (no helmet)
rElec    .         Reflect  .   (no cloak)
rCorr    .         Harm     .   (no gloves)
MR       +....                  (no boots)
Stlth    ++........             (no amulet)
HPRegen  0.13/turn              j - ring of protection from magic
MPRegen  0.13/turn              (no ring)

@: no status effects
A: no food or potions, fire vulnerability, cold resistance 1, negative energy
resistance 3, torment resistance, unbreathing
a: no special abilities


You were on level 4 of the Dungeon.
You were not hungry.

You visited 1 branch of the dungeon, and saw 5 of its levels.

You collected 51 gold pieces.

Inventory:

Hand Weapons
 a - a +1 dire flail of venom (weapon)
 n - a +0 trident
Missiles
 i - 2 throwing nets (quivered)
Armour
 m - a +0 robe (worn)
Jewellery
 j - a ring of protection from magic (left hand)
Scrolls
 b - 2 scrolls of remove curse {!r, unknown}
 c - a scroll of random uselessness {!r, unknown}
 d - 2 scrolls of identify {!r, unknown}
 e - a scroll of magic mapping {!r, unknown}
 f - 3 scrolls of enchant armour {!r, unknown}
 g - a scroll of blinking {!r, unknown}
 h - a scroll of enchant weapon {!r, unknown}
 k - a scroll of immolation {!r, unknown}
 l - a scroll of fog {!r, unknown}


   Skills:
 - Level 1.5 Dodging
 - Level 1.5 Stealth
 + Level 5.1 Spellcasting
 - Level 0.7 Conjurations
 * Level 5.2 Air Magic


You had 8 spell levels left.
You knew the following spells:

 Your Spells              Type           Power        Failure   Level  Hunger
a - Shock                 Conj/Air       ##..         4%          1    N/A
d - Airstrike             Air            ###.......   19%         4    N/A
z - Swiftness             Chrm/Air       ##......     8%          2    N/A

Your spell library contained the following spells:

 Spells                   Type           Power        Failure   Level  Hunger
 Static Discharge         Conj/Air       ##......     14%         3    N/A
 Lightning Bolt           Conj/Air       ##........   77%         5    N/A

Dungeon Overview and Level Annotations

Branches:
Dungeon (5/15)
 Temple: D:4-7

Altars:

Shops:
D:4 *


Innate Abilities, Weirdness & Mutations

You do not eat or drink.
Your flesh is vulnerable to fire.
You are immune to poison.
Your flesh is cold resistant. (rC+)
You are immune to negative energy. (rN+++)
You are immune to unholy pain and torment.
You can survive without breathing.


Message History

Magic restored.
Items here: )) [[ a dire flail of venom; a robe; a war axe; a robe You start resting.
HP restored.
n - a dire flail of venom Wield which item (- for none, * to show all)? (? for menu, Esc to quit)
Your +1 dire flail of venom begins to drip with poison!
n - a +1 dire flail of venom (weapon)
Adjust (i)tems, (s)pells, or (a)bilities?
Adjust which item? (? for menu, Esc to quit)
n - a +1 dire flail of venom (weapon)
Adjust to which letter? (? for menu, Esc to quit)
a - a +1 dire flail of venom (weapon);
n - a +0 trident You start resting.
HP restored.
Things that are here:
a halberd; a robe A wight comes into view.
It is wielding a scimitar of electrocution.
A wight is nearby!
A wight is nearby!
Things that are here:
a halberd; a robe
Things that are here:
a robe; a war axe; a robe You start waiting.
The wight is too close now for your liking.
Casting: Shock (safe; 4% risk of failure)
Confirm with . or Enter, or press ? or * to list all spells.
Aiming: Shock (safe; 4% risk of failure)
Press: ? - help, Shift-Dir - straight line, f - wight
Aim: a wight, wielding a scimitar of electrocution and wearing a robe The zap misses the wight. x2
Casting: Shock (safe; 4% risk of failure)
Confirm with . or Enter, or press ? or * to list all spells.
Aiming: Shock (safe; 4% risk of failure)
Press: ? - help, Shift-Dir - straight line, f/p - wight
Aim: a wight, wielding a scimitar of electrocution and wearing a robe The zap hits the wight.
The wight is moderately damaged.
The zap hits the wight.
The wight is heavily damaged.
Casting: Shock (safe; 4% risk of failure)
Confirm with . or Enter, or press ? or * to list all spells.
Aiming: Shock (safe; 4% risk of failure)
Press: ? - help, Shift-Dir - straight line, f/p - wight
Aim: a wight, wielding a scimitar of electrocution and wearing a robe (heavily damaged)
The zap hits the wight.
The wight is severely damaged.
The zap hits the wight.
The wight is almost destroyed.
The wight hits you with a scimitar of electrocution!
You are electrocuted!
* * * LOW HITPOINT WARNING * * *
Casting: Shock (safe; 4% risk of failure)
Confirm with . or Enter, or press ? or * to list all spells.
Aiming: Shock (safe; 4% risk of failure)
Press: ? - help, Shift-Dir - straight line, f/p - wight
Aim: a wight, wielding a scimitar of electrocution and wearing a robe (almost destroyed)
The zap hits the wight.
The wight is almost destroyed.
The zap misses the wight.
The wight hits you with a scimitar of electrocution!
You die...

##...## #.!......#
##'## #...#.# #.#
#....# #.# ###.##
##.## #z# ##...##
#.# #.....# #.#
#####...#########.#
..............@z).#
....#..#.#[########
#.##......#.# #
###).###.# #..###.#
#.####......#
#.......#####
#######.#
###.###########


You could see a wight.

Vanquished Creatures
  An ogre (D:4)
  Blork the orc (D:4)
  3 wights (D:4)
  2 worker ants (D:4)
  An adder (D:5)
  2 worms
  3 leopard geckos
  2 orcs
  A bat (D:2)
  3 giant cockroaches
  2 goblins (D:2)
  2 hobgoblins (D:2)
  2 jackals (D:2)
  A quokka (D:2)
  A kobold (D:2)
  A rat (D:3)
28 creatures vanquished.

Notes
Turn   | Place    | Note
-------+----------+-------------------------------------------
     0 | D:1      | Amnesiac the Mummy Air Elementalist began the quest for the Orb.
     0 | D:1      | Reached XP level 1. HP: 13/13 MP: 4/4
   229 | D:2      | Reached XP level 2. HP: 12/19 MP: 3/5
   233 | D:2      | Learned a level 2 spell: Swiftness
   844 | D:4      | Noticed an ogre
  1188 | D:4      | Found Gozag's Platinum Reserve.
  1271 | D:5      | Entered Level 5 of the Dungeon
  1299 | D:5      | Reached XP level 3. HP: 24/24 MP: 1/7
  1386 | D:5      | Noticed a centaur
  1564 | D:5      | Noticed a phantom
  1613 | D:4      | Killed an ogre
  1613 | D:4      | Reached XP level 4. HP: 2/30 MP: 0/10
  1695 | D:4      | Learned a level 4 spell: Airstrike
  1861 | D:4      | Reached XP level 5. HP: 16/35 MP: 2/11
  2050 | D:4      | Noticed Blork the orc
  2073 | D:4      | Killed Blork the orc
  2343 | D:4      | Reached XP level 6. HP: 19/41 MP: 8/13
  2524 | D:4      | Reached skill level 5 in Spellcasting
  2524 | D:4      | Reached skill level 5 in Air Magic
  2696 | D:4      | Slain by a wight

Skill      XL: |  1  2  3  4  5  6 |
---------------+-------------------+-----
Air Magic      | 3 4 5 |  5.2
Spellcasting   | 3 4 5 |  5.1
Dodging        | |  1.5
Stealth        | |  1.5
Conjurations   | |  0.7

Action                   |  1- 3 |  4- 6 || total
-------------------------+-------+-------++-------
Melee: Unarmed           |     1 |       ||     1
 Cast: Shock             |    53 |    46 ||    99
       Swiftness         |     2 |       ||     2
Armor: Robe              |     3 |     1 ||     4
Dodge: Dodged            |    31 |    10 ||    41
